 Dungeon Crawl Stone Soup version 0.31-a0-198-g2ad674f65e (webtiles) character file.

Game seed: 1767033205904384460

4928 qw the Skirmisher (level 10, -7/60 HPs)
             Began as a Deep Elf Hunter on June 25, 2023.
             Was a Believer of Okawaru.
             Mangled by a gargoyle
             ... wielding a +0 dire flail
              (21 damage)
             ... on level 8 of the Dungeon.
             The game lasted 00:03:52 (6145 turns).

qw the Skirmisher (Deep Elf Hunter)                 Turns: 6145, Time: 00:03:52

Health: -7/60      AC: 11    Str: 12    XL:     10   Next: 27%
Magic:  15/15      EV: 23    Int: 15    God:    Okawaru [**....]
Gold:   300        SH:  0    Dex: 18    Spells: 9/9 levels left

rFire   . . .        p - +0 orcbow
rCold   . . .        (shield currently unavailable)
rNeg    . . .        e - +4 ring mail of Culoyxt {rElec rPois Regen+}
rPois   +            a - +0 helmet
rElec   +            (no cloak)
rCorr   .            (no gloves)
SInv    +            (no boots)
Will    +....        (no amulet)
Stlth   +++          i - ring of see invisible
HPRegen 1.10/turn    m - +5 ring of evasion
MPRegen 0.14/turn

%: no passive effects
@: heroic
A: no striking features
a: Renounce Religion, Heroism


You were on level 8 of the Dungeon.
You worshipped Okawaru.
Okawaru was pleased with you.
You visited 2 branches of the dungeon, and saw 9 of its levels.

You collected 495 gold pieces.
You spent 195 gold pieces at shops.


   Skills:
 - Level 6.0(11.0) Fighting
 + Level 14.4(19.4) Ranged Weapons
 - Level 2.3(7.3) Armour
 - Level 8.6(13.6) Dodging
 - Level 1.2(6.2) Stealth
 - Level 4.0 Invocations


You had 9 spell levels left.
You didn't know any spells.
Your spell library was empty.

Inventory:

Hand Weapons
 p - a +0 orcbow (weapon)
Armour
 a - a +0 helmet (worn)
 e - the +4 ring mail of Culoyxt (worn) {rElec rPois Regen+}
   (You acquired it on level 4 of the Dungeon)

   rElec:     It insulates you from electricity.
   rPois:     It protects you from poison.
   Regen:     It increases your rate of health regeneration.
 h - a +0 helmet of see invisible
Jewellery
 b - a ring of positive energy
 i - a ring of see invisible (left hand)
 m - a +5 ring of evasion (right hand)
 n - a ring of resist corrosion
Scrolls
 c - 2 scrolls of blinking {unknown}
 o - a scroll of identify
 q - 2 scrolls of amnesia {unknown}
Potions
 d - a potion of mutation
 f - a potion of berserk rage {unknown}
 g - a potion of might
 j - 2 potions of enlightenment
 k - a potion of curing {unknown}
 l - a potion of haste {unknown}

Dungeon Overview and Level Annotations

Branches:
Dungeon (8/15)             Temple (1/1) D:5
   Lair: D:8-11

Altars:
Dithmenos
Elyvilon
Fedhas
Kikubaaqudgha
Makhleb
Nemelex Xobeh
Okawaru
Qazlal
Ru
Trog
Uskayaw
Wu Jian
Xom
Yredelemnul
The Shining One

Shops:
D:3 (   D:4 *   D:5 [

Annotations:
D:5 exclusion: 4 orc warriors
D:7 1 runed translucent door, Crazy Yiuf


Message History

The stone arrow misses you.
You shoot an arrow. The arrow barely misses the gargoyle.
The gargoyle misses you.
You shoot an arrow.
The arrow hits the gargoyle but does no damage.
The gargoyle is moderately damaged.
You shoot an arrow.
The arrow hits the gargoyle but does no damage.
The gargoyle is moderately damaged.
The gargoyle hurls a stone arrow at you.
The stone arrow misses you.
You shoot an arrow. The arrow hits the gargoyle!
The gargoyle is heavily damaged.
The gargoyle hits you with a +0 dire flail!
You shoot an arrow.
The arrow hits the gargoyle but does no damage.
The gargoyle is heavily damaged.
The gargoyle barely misses you.
You shoot an arrow. The arrow hits the gargoyle!
The gargoyle is severely damaged.
The gargoyle hits you but does no damage.
You shoot an arrow.
The arrow hits the gargoyle but does no damage.
The gargoyle is severely damaged.
You shoot an arrow. The arrow hits the gargoyle.
The gargoyle is severely damaged.
The gargoyle hits you with a +0 dire flail!
You shoot an arrow.
The arrow hits the gargoyle but does no damage.
The gargoyle is severely damaged.
The gargoyle hits you with a +0 dire flail!
You shoot an arrow.
The arrow hits the gargoyle but does no damage.
The gargoyle is severely damaged.
The gargoyle hurls a stone arrow at you.
The stone arrow misses you.
You shoot an arrow.
The arrow completely misses the gargoyle.
The gargoyle hits you with a +0 dire flail!!
You die...

# .# #########.# ... .........#
#.. ..#......+ #.# #####
#.#......# #.# ..... #.#.9....#
#.# #.#.####'#@..# .......# #.#
#.#.#........# ......#
##.####.#..........# .....#
.........>.......#########.##.#
##.........#######
#..........##. #.........#
#...........+. #.........#
#..........##. #.........#
#............. #.%.......#
#.....<###....


You could see a gargoyle.

Vanquished Creatures
  Pikel (D:6)
  2 hornets
  A shadow (D:7)
  Sigmund (D:6)
  A wraith (D:6)
  5 yaks
  A steam dragon (D:8)
  A water moccasin (D:7)
  Duvessa (D:6)
  An orc warrior (D:5)
  A sky beast (D:7)
  An ogre (D:5)
  A centaur (D:8)
  A phantom (D:5)
  A lemure (D:6)
  A kobold brigand (D:8)
  5 bullfrogs
  6 scorpions
  3 water moccasin zombies (D:5)
  A wyvern skeleton (D:5)
  Dowan (D:6)
  2 howler monkeys (D:8)
  A centaur zombie (D:5)
  A jelly (D:4)
  2 orc priests (D:6)
  5 hounds
  5 bullfrog zombies (D:5)
  A bullfrog skeleton (D:5)
  6 iguanas
  An orc wizard (D:7)
  5 scorpion zombies (D:5)
  2 sleepcaps (D:5)
  A killer bee zombie (D:5)
  3 hound zombies (D:5)
  A hound skeleton (D:5)
  2 howler monkey zombies (D:5)
  Robin (D:2)
  3 adders
  2 ufetubi
  An adder zombie (D:5)
  3 worms (D:2)
  2 dart slugs (D:5)
  9 orcs
  8 ball pythons
  8 endoplasms
  3 giant cockroaches
  17 goblins
  12 hobgoblins
  4 jackals
  8 kobolds
  6 quokkas
  8 bats
  2 frilled lizards
  23 rats
195 creatures vanquished.

Vanquished Creatures (others)
  A kobold (D:8)
1 creature vanquished.

Grand Total: 196 creatures vanquished

Notes
Turn   | Place    | Note
-------+----------+-------------------------------------------
     0 | D:1      | qw the Deep Elf Hunter began the quest for the Orb.
     0 | D:1      | Reached XP level 1. HP: 12/12 MP: 3/3
     0 | D:1      | 0 ||| qw: Version: 0.3-a-22-g0ed2b0b
     0 | D:1      | 0 ||| qw: Game counter: 5231
     0 | D:1      | 0 ||| qw: Melee chars always use a shield: true
     0 | D:1      | 0 ||| qw: God list: Okawaru
     0 | D:1      | 0 ||| qw: Allow faded altars: false
     0 | D:1      | 0 ||| qw: Do Orc after clearing Dungeon:15 true
     0 | D:1      | 0 ||| qw: Do second Lair branch before Depths: true
     0 | D:1      | 0 ||| qw: Lair rune preference: random
     0 | D:1      | 0 ||| qw: Goals: Normal
     0 | D:1      | 0 ||| PLANNING D:1-11
    61 | D:1      | HP: 2/12 [hobgoblin (4)]
    63 | D:1      | Reached XP level 2. HP: 3/16 MP: 4/4
   141 | D:1      | Reached skill level 6 in Ranged Weapons
   444 | D:1      | Reached XP level 3. HP: 20/20 MP: 5/5
   685 | D:1      | 685 ||| UPGRADING to +0 ring mail.
   695 | D:1      | 695 ||| DROPPING +0 leather armour.
   696 | D:1      | 696 ||| DROPPING amulet of magic regeneration.
   697 | D:1      | 697 ||| READING scroll labelled WAMU ILLYPE.
   698 | D:1      | 698 ||| READING scroll labelled SOFEIX QECHEWA.
   699 | D:1      | 699 ||| READING 2 scrolls labelled XEACHA YTTA.
   702 | D:1      | 702 ||| DROPPING scroll of butterflies.
   871 | D:2      | Reached skill level 7 in Ranged Weapons
  1019 | D:2      | You fall into a shaft and drop 1 floor!
  1034 | D:3      | 1034 ||| UPGRADING to ring of positive energy.
  1035 | D:3      | 1035 ||| READING scroll labelled XITAGI INLOC.
  1036 | D:3      | 1036 ||| READING 3 scrolls labelled LOEJ BO MASASY.
  1037 | D:3      | 1037 ||| READING scroll labelled LEANOG HAWONK.
  1038 | D:3      | 1038 ||| DRINKING 2 fuming orange potions.
  1076 | D:3      | 1076 ||| DRINKING 2 fizzy emerald potions.
  1077 | D:3      | 1077 ||| DROPPING 2 scrolls of poison.
  1078 | D:3      | 1078 ||| DROPPING potion of lignification.
  1079 | D:3      | 1079 ||| DROPPING potion of attraction.
  1148 | D:2      | Noticed Robin
  1150 | D:2      | Reached XP level 4. HP: 25/25 MP: 6/6
  1154 | D:2      | Killed Robin
  1470 | D:2      | Reached skill level 8 in Ranged Weapons
  1503 | D:2      | 1503 ||| UPGRADING to +0 helmet.
  1532 | D:3      | Noticed a scorpion
  1539 | D:3      | 1539 ||| STAIRDANCE
  1543 | D:2      | Killed a scorpion
  1544 | D:2      | Reached XP level 5. HP: 16/29 MP: 7/7
  1935 | D:3      | Found Hymias's Antique Weapon Boutique.
  2277 | D:3      | Reached skill level 9 in Ranged Weapons
  2400 | D:3      | 2400 ||| DROPPING +6 ring of intelligence.
  2401 | D:3      | 2401 ||| UPGRADING to +5 ring of evasion.
  2402 | D:3      | 2402 ||| READING scroll labelled PESTU VEEXIHAGGOPT.
  2403 | D:3      | 2403 ||| READING scroll labelled SAMEUHISTI.
  2404 | D:3      | 2404 ||| READING scroll labelled XILLYEZXUA.
  2505 | D:3      | 2505 ||| DRINKING 2 viscous dark potions.
  2567 | D:4      | 2567 ||| STAIRDANCE
  2611 | D:4      | Reached XP level 6. HP: 35/35 MP: 8/8
  2696 | D:4      | Found Urinue's Gadget Gallery.
  2704 | D:4      | 2704 ||| SHOPLISTING wand of digging (5) (231 gold, have
                  | 181).
  2864 | D:4      | Reached skill level 10 in Ranged Weapons
  3114 | D:4      | 3114 ||| UPGRADING to ring of see invisible.
  3116 | D:4      | 3116 ||| READING scroll labelled POEPTE FUTTIEDD.
  3116 | D:4      | Identified a scroll of acquirement
  3116 | D:4      | 3116 ||| ACQUIRING +4 ring mail of Culoyxt {rElec rPois
                  | Regen+}
  3116 | D:4      | Acquired the +4 ring mail of Culoyxt {rElec rPois Regen+}
  3118 | D:4      | 3118 ||| UPGRADING to +4 ring mail of Culoyxt {rElec rPois
                  | Regen+}.
  3128 | D:4      | 3128 ||| DROPPING +0 ring mail.
  3129 | D:4      | 3129 ||| DRINKING 2 fuming dark potions.
  3130 | D:4      | 3130 ||| DRINKING 2 white potions.
  3131 | D:4      | 3131 ||| DROPPING potion of degeneration.
  3159 | D:5      | Entered Level 5 of the Dungeon
  3175 | D:5      | Reached skill level 1 in Armour
  3203 | D:5      | Reached XP level 7. HP: 38/40 MP: 9/9
  3238 | D:5      | Reached skill level 11 in Ranged Weapons
  3254 | D:5      | Reached skill level 3 in Dodging
  3330 | D:5      | Reached skill level 12 in Ranged Weapons
  3365 | D:5      | Reached XP level 8. HP: 45/45 MP: 10/10
  3399 | D:5      | Found a staircase to the Ecumenical Temple.
  3400 | D:5      | 3400 ||| PLANNING TEMPLE
  3409 | Temple   | Entered the Ecumenical Temple
  3496 | Temple   | 3496 ||| PLANNING OKAWARU WORSHIP
  3601 | Temple   | Became a worshipper of Warmaster Okawaru
  3602 | Temple   | 3602 ||| PLANNING D:1-11
  3645 | D:5      | Found a glowing golden altar of the Shining One.
  3733 | D:5      | Reached skill level 3 in Fighting
  3843 | D:5      | Noticed a hornet
  3859 | D:5      | HP: 10/46 [yak (6)]
  3860 | D:5      | 3860 ||| READING 3 scrolls of teleportation.
  3924 | D:5      | Reached skill level 13 in Ranged Weapons
  3939 | D:5      | Reached * piety under Okawaru
  3948 | D:5      | Found a stormy altar of Qazlal.
  3966 | D:5      | 3966 ||| INVOKING Heroism.
  3967 | D:5      | 3967 ||| INVOKING Heroism.
  3967 | D:5      | HP: 6/46 [hornet (12)]
  3968 | D:5      | 3968 ||| READING 2 scrolls of teleportation.
  3969 | D:5      | Killed a hornet
  3972 | D:5      | 3972 ||| READING scroll of teleportation.
  3973 | D:5      | 3973 ||| Stepping ~*~*~tactically~*~*~ (water).
  3977 | D:5      | 3977 ||| FLEEEEING.
  3978 | D:5      | 3978 ||| FLEEEEING.
  3979 | D:5      | 3979 ||| FLEEEEING.
  3980 | D:5      | 3980 ||| FLEEEEING.
  3981 | D:5      | 3981 ||| FLEEEEING.
  3982 | D:5      | 3982 ||| FLEEEEING.
  3983 | D:5      | 3983 ||| FLEEEEING.
  3984 | D:5      | 3984 ||| FLEEEEING.
  3985 | D:5      | 3985 ||| FLEEEEING.
  3986 | D:5      | 3986 ||| FLEEEEING.
  3987 | D:5      | 3987 ||| FLEEEEING.
  3988 | D:5      | 3988 ||| FLEEEEING.
  3989 | D:5      | 3989 ||| STAIRDANCE
  4092 | D:5      | Found Foalu's Antique Armour Boutique.
  4105 | D:5      | 4105 ||| BUYING runed helmet (195 gold).
  4105 | D:5      | Bought a runed helmet for 195 gold pieces
  4117 | D:5      | 4117 ||| INVOKING Heroism.
  4132 | D:5      | Reached skill level 3 in Invocations
  4166 | D:5      | Found a bloodstained altar of Trog.
  4275 | D:5      | Found a blossoming altar of Fedhas.
  4325 | D:5      | 4325 ||| READING 2 scrolls of identify.
  4325 | D:5      | 4325 ||| IDENTIFYING fizzy brown potion
  4393 | D:6      | Noticed Dowan
  4394 | D:6      | 4394 ||| INVOKING Heroism.
  4409 | D:6      | 4409 ||| FLEEEEING.
  4412 | D:6      | Reached XP level 9. HP: 50/50 MP: 13/13
  4416 | D:6      | 4416 ||| INVOKING Heroism.
  4428 | D:6      | Noticed Duvessa
  4432 | D:6      | Killed Dowan
  4433 | D:6      | Reached skill level 14 in Ranged Weapons
  4445 | D:6      | HP: 5/50 [Duvessa/+0 short sword (14)]
  4446 | D:6      | 4446 ||| DRINKING potion of heal wounds.
  4450 | D:6      | HP: 6/50 [Duvessa/+0 short sword (2)]
  4455 | D:6      | Killed Duvessa
  4455 | D:6      | HP: 7/50 [scorpion (2)]
  4520 | D:6      | Noticed Pikel
  4548 | D:6      | Killed Pikel
  4583 | D:6      | 4583 ||| READING scroll of enchant weapon.
  4583 | D:6      | 4583 ||| ENCHANTING +1 shortbow.
  4696 | D:6      | 4696 ||| INVOKING Heroism.
  4776 | D:6      | Reached skill level 6 in Dodging
  4797 | D:6      | Noticed Sigmund
  4798 | D:6      | 4798 ||| INVOKING Heroism.
  4803 | D:6      | Killed Sigmund
  5206 | D:6      | 5206 ||| READING scroll labelled HAUTE QOEMI.
  5207 | D:6      | 5207 ||| READING scroll labelled ETOTSE SANEXTAETZ.
  5208 | D:6      | 5208 ||| READING 2 scrolls of identify.
  5208 | D:6      | 5208 ||| IDENTIFYING ruby potion
  5209 | D:6      | 5209 ||| DROPPING potion of ambrosia.
  5406 | D:7      | 5406 ||| FLEEEEING.
  5409 | D:7      | 5409 ||| FLEEEEING.
  5410 | D:7      | 5410 ||| FLEEEEING.
  5411 | D:7      | 5411 ||| FLEEEEING.
  5413 | D:7      | 5413 ||| FLEEEEING.
  5414 | D:7      | 5414 ||| FLEEEEING.
  5415 | D:7      | 5415 ||| FLEEEEING.
  5416 | D:7      | 5416 ||| FLEEEEING.
  5417 | D:7      | 5417 ||| FLEEEEING.
  5420 | D:7      | 5420 ||| FLEEEEING.
  5421 | D:7      | 5421 ||| FLEEEEING.
  5487 | D:7      | Found a runed translucent door.
  5487 | D:7      | Noticed Crazy Yiuf
  5804 | D:7      | 5804 ||| READING 2 scrolls of identify.
  5804 | D:7      | 5804 ||| IDENTIFYING murky golden potion
  5856 | D:8      | Reached ** piety under Okawaru
  5857 | D:8      | Reached XP level 10. HP: 39/59 MP: 15/15
  5857 | D:8      | 5857 ||| INVOKING Heroism.
  5878 | D:8      | 5878 ||| INVOKING Heroism.
  5893 | D:8      | Reached skill level 6 in Fighting
  5922 | D:8      | 5922 ||| READING scroll of enchant weapon.
  5922 | D:8      | 5922 ||| ENCHANTING +2 shortbow.
  5933 | D:8      | 5933 ||| SWAPPING to +0 orcbow.
  5937 | D:8      | 5937 ||| DROPPING +3 shortbow.
  6001 | D:8      | 6001 ||| INVOKING Heroism.
  6017 | D:8      | 6017 ||| INVOKING Heroism.
  6019 | D:8      | HP: 14/60 [steam dragon/ball of steam (9)]
  6020 | D:8      | 6020 ||| DRINKING potion of heal wounds.
  6117 | D:8      | Noticed a gargoyle
  6126 | D:8      | 6126 ||| INVOKING Heroism.
  6143 | D:8      | HP: 12/60 [gargoyle/+0 dire flail (12)]
  6145 | D:8      | Mangled by a gargoyle

Levels and vault maps discovered:
D:1:      minmay_arrival_shattered_statue, layout_loops_ring,
          minmay_indecisive_spiral
D:2:      layout_loops_ring, uniq_robin
D:3:      layout_loops_ring, serial_shops, nicolae_shop_back_alley_shop,
          minmay_rat_hole
D:4:      layout_rooms, nicolae_shop_gadgets
D:5:      layout_rooms, amcnicky_altar_gilded, fedhas_altar_decomposition,
          tso_metal_star, mainiacjoe_overflow_alcove_1,
          minmay_temple_entry_stoned_glass, serial_undead, serial_undead_e,
          serial_undead_f, serial_undead_f, serial_undead_d, serial_undead_f,
          serial_undead_e, serial_undead_d, serial_undead_b, serial_undead_d,
          serial_undead_f, serial_shops, nicolae_shop_window_shopping,
          minmay_manual_mail
D:6:      layout_basic, minmay_misc_feat_cross, uniq_duvessa, uniq_pikel,
          uniq_sigmund
D:7:      layout_basic, uniq_crazy_yiuf_cottage
D:8:      layout_basic, fiery_altar_vehumet
Temple:   bh_familiar_temple

Skill      XL: |  1  2  3  4  5  6  7  8  9 10 |
---------------+-------------------------------+-----
Ranged Weapons | 6 7 8 9 10 12 13 14 | 14.4
Fighting       | 2 3 5 6 |  6.0
Armour         | 1 2 |  2.3
Dodging        | 3 4 8 |  8.6
Invocations    | 3 4 |  4.0
Stealth        | |  1.2

Action                     |  1- 3 |  4- 6 |  7- 9 | 10-12 || total
---------------------------+-------+-------+-------+-------++-------
   Fire: Shortbow          |   122 |   192 |   525 |    54 ||   893
         Orcbow            |       |       |       |    67 ||    67
 Invoke: Heroism           |       |       |     6 |     5 ||    11
    Use: Scroll            |     6 |     4 |     9 |     1 ||    20
         Potion            |     2 |     3 |     1 |     1 ||     7
 Armour: Leather armour    |     4 |       |       |       ||     4
         Ring mail         |     6 |    45 |    96 |    11 ||   158
         Skin              |     1 |       |       |       ||     1
  Dodge: Dodged            |    19 |    90 |   296 |    72 ||   477

Table legend:
 A = Non-vault XP
 B = Vault XP
 C = Vault XP percentage of total XP
 D = Non-vault monster count
 E = Vault monster count
 F = Vault count percentage of total count
                 A         B        C        D         E       F
            +---------+---------+-------+---------+---------+-------
      Total |    4108 |    2932 |  41.6 |     123 |      71 |  36.6
            +---------+---------+-------+---------+---------+-------
        D:1 |      45 |       7 |  13.5 |      25 |       4 |  13.8
        D:2 |     150 |      36 |  19.4 |      23 |      12 |  34.3
        D:3 |      63 |      20 |  24.1 |      14 |      19 |  57.6
        D:4 |     275 |       0 |   0.0 |      13 |       0 |   0.0
        D:5 |     290 |    1830 |  86.3 |       8 |      32 |  80.0
        D:6 |     834 |    1039 |  55.5 |      17 |       4 |  19.0
        D:7 |     709 |       0 |   0.0 |       9 |       0 |   0.0
        D:8 |    1742 |       0 |   0.0 |      14 |       0 |   0.0
            +---------+---------+-------+---------+---------+-------
